 Dungeon Crawl Stone Soup version 0.21-a0-142-gdd972a7 (webtiles) character file.

5529 Leszczynek the Grappler (level 10, 0/94 HPs)
             Began as a Troll Skald on July 22, 2017.
             Was a Priest of Makhleb.
             Slain by a two-headed ogre
             ... wielding a cursed +0 giant club
              (29 damage)
             ... on level 10 of the Dungeon.
             The game lasted 00:22:09 (3629 turns).

Leszczynek the Grappler (Troll Skald)               Turns: 3629, Time: 00:22:10

Health: 0/94       AC:  7    Str: 21    XL:     10   Next: 43%
Magic:  13/13      EV:  7    Int: 11    God:    Makhleb [***...]
Gold:   494        SH: 16    Dex: 10    Spells: 8/11 levels left

rFire    + . .     SeeInvis .     - Unarmed
rCold    + + .     Gourm    +   F - +1 large shield {reflect}
rNeg     . . .     Faith    .   z - +2 robe {rC+}
rPois    .         Spirit   .   (helmet restricted)
rElec    .         Reflect  +   e - scarf {rC+ rF+}
rCorr    +         Harm     .   (gloves unavailable)
MR       .....                  (boots unavailable)
Stlth    +.........             (no amulet)
HPRegen  0.65/turn              l - ring of resist corrosion
MPRegen  0.13/turn              (no ring)

@: no status effects
A: unfitting armour, claws 3, fast metabolism 3, gourmand, regeneration 1,
shaggy fur 1, tough skin 2
a: Minor Destruction, Lesser Servant of Makhleb, Renounce Religion


You were on level 10 of the Dungeon.
You worshipped Makhleb.
Makhleb was most pleased with you.
You were completely stuffed.

You visited 1 branch of the dungeon, and saw 11 of its levels.

You collected 494 gold pieces.

Inventory:

Hand Weapons
 b - a +1 blowgun
Missiles
 a - 4 tomahawks
 m - 3 curare-tipped needles
 E - 5 javelins of returning (quivered)
 G - 4 throwing nets
Armour
 e - a scarf of resistance (worn)
 n - a +0 shield
 z - a +2 robe of cold resistance (worn)
 C - a +2 robe of positive energy
 F - a +1 large shield of reflection (worn)
Jewellery
 l - a ring of resist corrosion (left claw)
Wands
 v - a wand of random effects (34/48)
 w - a wand of flame (2/48)
 B - a wand of random effects (19/48)
 K - a wand of digging (17/24)
Scrolls
 i - a scroll of teleportation {unknown}
 o - a scroll of blinking
 q - a scroll of recharging {unknown}
 r - a scroll of summoning {unknown}
 u - a scroll of remove curse {unknown}
 y - a scroll of fog {unknown}
 H - a scroll of enchant armour
 J - a scroll of magic mapping
Potions
 c - 2 potions of curing {@q1}
 f - a potion of flight
 k - a potion of ambrosia
 s - a potion of cancellation
 t - a potion of mutation {unknown}
 x - a potion of haste {unknown}
 A - a potion of might {unknown}
 I - a potion of heal wounds {unknown}
Books
 g - a book of Battle

   Spells                             Type                      Level
   a - Infusion                       Charms                       1
   b - Shroud of Golubria             Charms/Translocation         2
   c - Song of Slaying                Charms                       2
   d - Spectral Weapon                Hexes/Charms                 3
   e - Regeneration                   Charms/Necromancy            3
 j - a book of Misfortune

   Spells                             Type                      Level
   a - Confusing Touch                Hexes                        1
   b - Confuse                        Hexes                        3
   c - Gell's Gravitas                Translocation                3
   d - Petrify                        Transmutation/Earth          4
   e - Metabolic Englaciation         Hexes/Ice                    5
   f - Yara's Violent Unravelling     Hexes/Transmutation          5
Comestibles
 d - 4 bread rations
 h - 5 meat rations
 p - 2 royal jellies
 D - 3 fruits


   Skills:
 - Level 4.4 Fighting
 + Level 2.6 Dodging
 + Level 6.8 Shields
 + Level 9.9 Unarmed Combat
 - Level 1.2 Spellcasting
 - Level 2.0 Charms
 * Level 6.5 Invocations


You had 8 spell levels left.
You knew the following spells:

 Your Spells              Type           Power        Failure   Level  Hunger
a - Confusing Touch       Hex            #.....       88%         1    ##.....
b - Shroud of Golubria    Chrm/Tloc      #.........   88%         2    ###....


Dungeon Overview and Level Annotations

Branches:
Dungeon (11/15)            Temple (0/1) D:7
   Lair: D:8-11         Orc: D:9-12

Altars:
Kikubaaqudgha
Makhleb
Ru
Sif Muna
Vehumet
Xom
Zin

Shops:
D:8 (

Annotations:
D:5 tilp's ghost, novice HOFE
D:11 Erolcha


Innate Abilities, Weirdness & Mutations

You are too large for most types of armour.
You have claws for hands.
Your metabolism is lightning-fast.
You like to eat raw meat.
Your natural rate of healing is unusually fast.
You are covered in fur. (AC +1)
You have very tough skin. (AC +2)


Message History

Unknown command.
You block the orc's attack. You block the two-headed ogre's attack.
The two-headed ogre hits you with a giant spiked club!
You see here a bolt.
A demon appears!
Unknown command.
Your smoke demon hits the two-headed ogre but does no damage.
Your smoke demon hits the two-headed ogre. x2
You claw the two-headed ogre!
The two-headed ogre is moderately wounded.
The two-headed ogre hits you with a giant club!!
The two-headed ogre hits you with a giant spiked club!
Your smoke demon hits the two-headed ogre but does no damage. x2
Your smoke demon barely misses the two-headed ogre.
You scratch the two-headed ogre.
The two-headed ogre is moderately wounded.
The two-headed ogre hits you with a giant club!
The two-headed ogre hits you with a giant spiked club!!
You die...

.##......##...#................#
.##......##...#................#
..........(...#................#
..............#................#
..............#................#
...<........[.#................#
)####....###[####.....##.......#
'#####'####...###Oo...##.......#
...............(@.3...#........#
......................#........#
......................#........#
......................#........#
......................#........#
.............(........#........#
......................#........#.
...####..####..####...##.........
## #######..####...##.......≈.


You could see a two-headed ogre, an orc and a friendly smoke demon.

Vanquished Creatures
  A two-headed ogre (D:8)
  Grinder (D:5)
  A hippogriff (D:6)
  Sigmund (D:5)
  A water elemental (D:10)
  A wraith (D:10)
  Menkaure (D:7)
  Duvessa (D:6)
  3 orc warriors
  A sky beast (D:5)
  A black bear (D:10)
  A phantom (D:7)
  An ice beast (D:6)
  4 centaurs
  4 ogres
  A wolf (D:11)
  A crocodile (D:7)
  2 big kobolds
  3 bullfrogs
  Dowan (D:6)
  2 scorpions
  9 killer bees
  A howler monkey (D:6)
  2 electric eels (D:10)
  2 crimson imps
  A bullfrog zombie (D:6)
  A centaur zombie (D:7)
  5 hounds
  2 jellies (D:10)
  A centaur skeleton (D:6)
  6 orc priests
  4 iguanas
  8 orc wizards
  4 worker ants
  A killer bee zombie (D:10)
  A hound zombie (D:7)
  7 adders
  A shadow imp (D:9)
  An adder zombie (D:6)
  2 dart slugs (D:2)
  3 leopard geckos
  42 orcs
  A giant cockroach (D:1)
  4 goblins
  A hobgoblin (D:1)
  4 jackals (D:10)
  A ball python (D:6)
  2 bats (D:3)
  A frilled lizard (D:4)
  12 kobolds
  A quokka zombie (D:6)
  7 rats
171 creatures vanquished.

Vanquished Creatures (collateral kills)
  A deep elf mage (D:10)
1 creature vanquished.

Vanquished Creatures (others)
  An orc (D:10)
  A kobold (D:10)
2 creatures vanquished.

Grand Total: 174 creatures vanquished

Notes
Turn   | Place    | Note
-------+----------+-------------------------------------------
     0 | D:1      | Leszczynek the Troll Skald began the quest for the Orb.
     0 | D:1      | Reached XP level 1. HP: 19/19 MP: 1/1
   148 | D:1      | Reached skill level 3 in Unarmed Combat
   148 | D:1      | Reached XP level 2. HP: 20/27 MP: 2/2
   152 | D:1      | Learned a level 2 spell: Shroud of Golubria
   219 | D:2      | Reached XP level 3. HP: 30/33 MP: 3/3
   325 | D:3      | Found a burning altar of Makhleb.
   327 | D:3      | Found a sacrificial altar of Ru.
   329 | D:3      | Found a glowing silver altar of Zin.
   333 | D:3      | Became a worshipper of Makhleb the Destroyer
   379 | D:3      | Reached skill level 4 in Unarmed Combat
   619 | D:2      | Found a radiant altar of Vehumet.
   715 | D:4      | Reached XP level 4. HP: 36/41 MP: 4/4
   851 | D:3      | Found a shimmering altar of Xom.
  1008 | D:5      | Entered Level 5 of the Dungeon
  1019 | D:5      | Noticed a big kobold
  1039 | D:5      | Killed a big kobold
  1039 | D:5      | Reached skill level 5 in Unarmed Combat
  1039 | D:5      | Reached XP level 5. HP: 42/48 MP: 0/5
  1065 | D:5      | Noticed a sky beast
  1078 | D:5      | Killed a sky beast
  1078 | D:5      | Reached skill level 6 in Unarmed Combat
  1078 | D:5      | Reached XP level 6. HP: 50/55 MP: 4/6
  1204 | D:5      | Noticed Grinder
  1204 | D:5      | Noticed Sigmund
  1222 | D:5      | Killed Sigmund
  1222 | D:5      | Reached skill level 7 in Unarmed Combat
  1240 | D:5      | Killed Grinder
  1240 | D:5      | Reached * piety under Makhleb
  1240 | D:5      | Reached skill level 8 in Unarmed Combat
  1240 | D:5      | Reached XP level 7. HP: 18/62 MP: 7/7
  1285 | D:6      | Noticed Dowan
  1287 | D:6      | Noticed Duvessa
  1327 | D:6      | Noticed a hippogriff
  1334 | D:5      | Reached skill level 1 in Shields
  1388 | D:5      | Reached skill level 2 in Shields
  1410 | D:5      | Reached skill level 3 in Shields
  1418 | D:5      | Reached XP level 8. HP: 60/70 MP: 8/8
  1459 | D:5      | Reached skill level 4 in Shields
  1522 | D:5      | Reached skill level 2 in Fighting
  1653 | D:5      | Noticed tilp's ghost (novice HOFE)
  1693 | D:6      | Reached skill level 3 in Fighting
  1763 | D:6      | Found an ancient bone altar of Kikubaaqudgha.
  1810 | D:6      | Killed Duvessa
  1814 | D:6      | Reached skill level 4 in Fighting
  1814 | D:6      | Reached skill level 5 in Shields
  1873 | D:6      | Killed Dowan
  1943 | D:6      | Killed a hippogriff
  1943 | D:6      | Reached ** piety under Makhleb
  1943 | D:6      | Reached XP level 9. HP: 75/85 MP: 9/9
  2009 | D:7      | Reached skill level 1 in Invocations
  2083 | D:7      | Noticed Menkaure
  2101 | D:7      | Killed Menkaure
  2101 | D:7      | Reached skill level 2 in Invocations
  2115 | D:7      | wtf
  2120 | D:7      | normal orc with a glowing large shield
  2120 | D:7      | probably -2 cursed or sth
  2136 | D:7      | nope
  2226 | D:7      | Reached skill level 9 in Unarmed Combat
  2305 | D:6      | Reached skill level 3 in Invocations
  2424 | D:7      | Found a staircase to the Ecumenical Temple.
  2511 | D:8      | Found Ycuiviv's Antique Weapon Shop.
  2514 | D:8      | Noticed a two-headed ogre
  2523 | D:8      | Killed a two-headed ogre
  2523 | D:8      | Reached skill level 6 in Shields
  2523 | D:8      | Reached skill level 4 in Invocations
  2625 | D:8      | Reached skill level 5 in Invocations
  2641 | D:8      | Found a deep blue altar of Sif Muna.
  2782 | D:9      | Reached XP level 10. HP: 76/94 MP: 12/12
  2795 | D:9      | Reached *** piety under Makhleb
  2915 | D:10     | Entered Level 10 of the Dungeon
  3070 | D:10     | Reached skill level 2 in Dodging
  3171 | D:11     | Noticed Erolcha
  3177 | D:10     | no non onononono
  3196 | D:11     | Noticed a two-headed ogre
  3200 | D:11     | Noticed a two-headed ogre
  3262 | D:10     | ohhh
  3294 | D:10     | Reached **** piety under Makhleb
  3306 | D:10     | Reached skill level 6 in Invocations
  3377 | D:11     | Learned a level 1 spell: Confusing Touch
  3478 | D:10     | Noticed a deep elf mage
  3534 | D:10     | Killed a deep elf mage
  3629 | D:10     | Slain by a two-headed ogre

Vault maps used:
D:1:      lightli_arrival_windingriver
D:2:      fiery_altar_vehumet, nicolae_ashenzari_panopticon
D:3:      lemuel_doored_altar, gammafunk_temple_overflow_forgotten, first_bread,
          nicolae_ru_the_path_less_chosen
D:5:      uniq_grinder, uniq_blork_the_orc, uniq_sigmund
D:6:      kiku_gazebo_garden_becter, uniq_duvessa
D:7:      minmay_temple_entry_glassed_door, uniq_menkaure
D:8:      nicolae_overflow_hidden_temple, old_standard_altar, serial_shops,
          nicolae_shop_crystal
D:9:      lemuel_round_altar, serial_shops, kennysheep_mini_moat,
          hangedman_fish_farm
D:10:     serial_bayou, serial_bayou_pond_c, serial_bayou_pond_b,
          serial_bayou_pond_a, serial_bayou_shore_a, serial_bayou_ford_a
D:11:     erik_lair_island, hangedman_decor_riveting, uniq_erolcha

Skill      XL: |  1  2  3  4  5  6  7  8  9 10 |
---------------+-------------------------------+-----
Unarmed Combat | 3 4 5 6 8 9 |  9.9
Shields        | 3 5 6 |  6.8
Fighting       | 4 |  4.4
Invocations    | 5 6 |  6.5
Dodging        | 2 |  2.6
Spellcasting   | |  1.2
Charms         | |  2.0

Action                   |  1- 3 |  4- 6 |  7- 9 | 10-12 || total
-------------------------+-------+-------+-------+-------++-------
Melee: Unarmed           |    79 |    71 |   279 |   178 ||   607
       Punch             |       |     3 |     1 |       ||     4
 Fire: Blowgun           |       |     3 |     3 |       ||     6
 Cast: Shroud of Golubri |     3 |     1 |       |       ||     4
Invok: Minor Destruction |       |       |     7 |     2 ||     9
       Lesser Servant of |       |       |       |     3 ||     3
Evoke: Wand              |       |       |       |     4 ||     4
  Use: Potion            |       |     3 |       |       ||     3
       Scroll            |       |       |     9 |     1 ||    10
 Stab: Distracted        |       |       |     1 |     1 ||     2
  Eat: Chunk             |    12 |     4 |    15 |     9 ||    40
Armor: Robe              |    26 |    11 |    64 |    28 ||   129
Dodge: Dodged            |    45 |    22 |    63 |    18 ||   148
Block: Shield            |       |       |    59 |       ||    59
       Large shield      |       |       |    93 |   148 ||   241
       Reflection        |       |       |       |    10 ||    10
